 Dungeon Crawl Stone Soup version 0.27-a0-385-g3208abaabc (webtiles) character file.

Game seed: 3348330436977972634

38 dickylongcocking the Sneak (level 3, 0/26 HPs)
             Began as an Octopode Delver on Feb 20, 2021.
             Slain by an orc (2 damage)
             ... on level 5 of the Dungeon.
             The game lasted 00:00:42 (487 turns).

dickylongcocking the Sneak (Octopode Delver)         Turns: 487, Time: 00:00:42

Health: 0/26       AC:  1    Str: 11    XL:     3   Next: 43%
Magic:  3/3        EV: 13    Int: 12    God:
Gold:   10         SH:  0    Dex: 14    Spells: 2/2 levels left

rFire    + . .     SeeInvis .     - Unarmed
rCold    . . .     Faith    .   (no shield)
rNeg     . . .     Spirit   .   (helmet restricted)
rPois    .         Reflect  .   (no amulet)
rElec    .         Harm     .   f - ring of protection from fire
rCorr    .         Rampage  .   (no ring)
Will     .....                  (no ring)
Stlth    +++++.....             (no ring)
HPRegen  0.08/turn              (no ring)
MPRegen  0.08/turn              (no ring)
                                (no ring)
                                (no ring)

@: marked, hasted, very quick
A: almost no armour, stealthy swim, amphibious, 8 rings, constrict 8, camouflage
1, gelatinous body 1
a: no special abilities


You were on level 5 of the Dungeon.
You visited 1 branch of the dungeon, and saw 2 of its levels.

You collected 10 gold pieces.

Inventory:

Jewellery
 f - a ring of protection from fire (left tentacle)
Wands
 e - a wand of digging (3)
Scrolls
 a - a scroll of fog
 b - a scroll of magic mapping


   Skills:
 + Level 3.2 Fighting
 + Level 2.1 Dodging
 + Level 7.7 Stealth
 + Level 2.1 Unarmed Combat


You had 2 spell levels left.
You didn't know any spells.
Your spell library was empty.

Dungeon Overview and Level Annotations

Branches:
Dungeon (5/15)
 Temple: D:4-7

Altars:

Annotations:
D:5 Blork the orc


Innate Abilities, Weirdness & Mutations

You cannot wear most types of armour.
You are very stealthy in the water. (Stealth+)
You are amphibious.
You can wear up to eight rings at the same time.
You can use your tentacles to constrict eight enemies at once.
Your skin changes colour to match your surroundings (Stealth+).
Your rubbery body absorbs attacks. (AC +1, EV +1)


Message History

You tentacle-slap the orc.
Your attack snaps the orc out of its fear.
You grab the orc.
The orc is lightly wounded.
You constrict the orc, but do no damage.
The orc hits you. The orc misses you. The bullfrog skeleton hits you.
Okay, then.
You aren't carrying any potions.
Unknown command.
Okay, then.
You tentacle-slap the bullfrog skeleton.
You grab the bullfrog skeleton. You squeeze the bullfrog skeleton!
The bullfrog skeleton is heavily damaged.
You constrict the bullfrog skeleton. You constrict the orc.
An ice beast comes into view.
The orc closely misses you. The bullfrog skeleton hits you.
* * * LOW HITPOINT WARNING * * *
Unknown command.
Unknown command.
You tentacle-slap the bullfrog skeleton but do no damage.
You tentacle-slap the bullfrog skeleton.
You squeeze the bullfrog skeleton.
The bullfrog skeleton is heavily damaged.
You constrict the bullfrog skeleton. You constrict the orc.
The orc completely misses you.
Unknown command.
You tentacle-slap the bullfrog skeleton.
The bullfrog skeleton is severely damaged.
You constrict the bullfrog skeleton. You constrict the orc.
The bullfrog skeleton closely misses you.
The orc closely misses you.
Blork the orc mumbles some strange words.
Blork the orc seems to speed up.
The orc hits you with a +0 falchion.
* * * LOW HITPOINT WARNING * * *
Unknown command.
You tentacle-slap the bullfrog skeleton.
The bullfrog skeleton is almost destroyed.
You constrict the bullfrog skeleton. You constrict the orc.
The bullfrog skeleton misses you. The orc hits you.
You die...

.........# #.#
.........# #.#
#........# #.#
.........# #>#
#........# #.#
.......<.######o#
#.............oo##
#...#......Y..loo#
#...#....#######@#
........... #Z#
#..##...##.# #.#
##.##..## .# #.#
#.##..# # #.# ...
## #Y# ##...####.#
..........#
##.#####.##


You could see Blork the orc (fast), an ice beast, a sky beast, an iguana, 4 orcs
and a bullfrog skeleton.

Vanquished Creatures
  A worker ant (D:5)
  A howler monkey skeleton (D:4)
  A leopard gecko (D:5)
  An orc (D:4)
4 creatures vanquished.

Notes
Turn   | Place    | Note
-------+----------+-------------------------------------------
     0 | D:5      | dickylongcocking the Octopode Delver began the quest for
                  | the Orb.
     0 | D:5      | Reached XP level 1. HP: 16/16 MP: 1/1
     8 | D:5      | Noticed a worker ant
    14 | D:5      | Noticed an iguana
    39 | D:4      | Reached skill level 7 in Stealth
    39 | D:4      | Reached XP level 2. HP: 16/21 MP: 2/2
   152 | D:5      | Reached XP level 3. HP: 8/26 MP: 3/3
   273 | D:5      | Noticed a sky beast
   481 | D:5      | Noticed Blork the orc
   484 | D:5      | Noticed an ice beast
   487 | D:5      | Slain by an orc

Illustrated notes

Levels and vault maps discovered:
D:4:      minmay_bubble_buster, layout_loops_ring
D:5:      layout_loops_ring, gammafunk_ghost_arena, dk_noncrumbling_2,
          dk_vineyard_1, fountainhead, small_statue_intersection,
          kennysheep_donut, uniq_blork_the_orc, uniq_pikel

Skill      XL: |  1 |
---------------+----+-----
Stealth        | 7 |  7.7
Fighting       | |  3.2
Dodging        | |  2.1
Unarmed Combat | |  2.1

Action                   || total
-------------------------++-------
Melee: Unarmed           ||    23
       Constrict         ||     6
       Tentacles         ||     6
       Punch             ||     1
  Use: Scroll            ||     1
       Potion            ||     1
 Stab: Sleeping          ||     1
       Fleeing           ||     1
Armor: Skin              ||     3
Dodge: Dodged            ||    14

Table legend: (Time is in decaauts)
 A = Elapsed time spent in this place.
 B = Non-inter-level travel time spent in this place.
 C = Inter-level travel time spent in this place.
 D = Time resting spent in this place.
 E = Time spent auto-exploring this place.
 F = Levels seen in this place.
 G = Mean time per level.
                   A        B        C        D        E       F      G
               +--------+--------+--------+--------+--------+-----+--------+
         Total |    483 |    483 |      0 |    356 |      2 |   2 |  241.5 |
       Dungeon |    483 |    483 |      0 |    356 |      2 |   2 |  241.5 |
               +--------+--------+--------+--------+--------+-----+--------+

Top non-repeatable levels by time:
     D:5: 364 daAuts
     D:4: 119 daAuts
